 Seeded DCSS version 0.29.1 (webtiles) character file.

Game seed: 9708579739092153053 (custom seed)

6 GigaChad the Conjurer (level 1, -1/10 HPs)
             Began as a Deep Elf Conjurer on Sept 14, 2022.
             Slain by a jackal (2 damage)
             ... on level 2 of the Dungeon.
             The game lasted 00:01:02 (408 turns).

GigaChad the Conjurer (Deep Elf Conjurer)            Turns: 408, Time: 00:01:03

Health: -1/10      AC:  2    Str:  4    XL:     1   Next: 75%
Magic:  1/6        EV: 12    Int: 22    God:
Gold:   23         SH:  0    Dex: 13    Spells: 5/6 levels left

rFire   . . .      SeeInvis .   (no weapon)
rCold   . . .      Faith    .   (no shield)
rNeg    . . .      Spirit   .   a - +0 robe
rPois   .          Reflect  .   (no helmet)
rElec   .          Harm     .   (no cloak)
rCorr   .          Rampage  .   (no gloves)
Will    .....                   (no boots)
Stlth   ++........              (no amulet)
HPRegen 0.03/turn               (no ring)
MPRegen 0.10/turn               (no ring)

@: no status effects
A: no striking features
a: no special abilities


You were on level 2 of the Dungeon.
You visited 1 branch of the dungeon, and saw 2 of its levels.

You collected 23 gold pieces.

Inventory:

Armour
 a - a +0 robe (worn)
Scrolls
 c - a scroll of blinking {unknown}
 d - a scroll of teleportation {unknown}
Potions
 b - a potion of magic


   Skills:
 - Level 2.4 Dodging
 - Level 2.4 Stealth
 - Level 3.0 Spellcasting
 + Level 4.7 Conjurations


You had 5 spell levels left.
You knew the following spells:

 Your Spells              Type           Power      Damage    Failure   Level
a - Magic Dart            Conj           96%        1d7       1%          1

Your spell library contained the following spells:

 Spells                   Type           Power      Damage    Failure   Level
 Searing Ray              Conj           48%        2d6       2%          2
 Dazzling Flash           Conj/Hex       26%        N/A       14%         3
 Fulminant Prism          Conj/Hex       6%         3d7       43%         4
 Iskenderun's Mystic Bla  Conj/Tloc      13%        2d5       43%         4


Dungeon Overview and Level Annotations

Branches:
Dungeon (2/15)

Altars:


Message History

You are out of magic!
The jackal attacks as you move away! The jackal closely misses you. x2
The jackal bites you. The jackal closely misses you.
The magic dart hits the jackal.
You kill the jackal!
You are out of magic!
You are out of magic!
You are out of magic!
The jackal attacks as you move away! The jackal barely misses you.
The jackal attacks as you move away!
The jackal bites you but does no damage.
The jackal closely misses you. The jackal attacks as you move away!
The jackal bites you. The jackal attacks as you move away!
The jackal misses you. The jackal attacks as you move away!
The jackal misses you.
There is a stone staircase leading down here.
You hit the jackal.
The jackal is moderately wounded.
The jackal closely misses you. The jackal bites you. x2
* * * LOW HITPOINT WARNING * * *
You hit the jackal.
The jackal is heavily wounded.
The jackal bites you.
* * * LOW HITPOINT WARNING * * *
The jackal barely misses you.
You completely miss the jackal.
The jackal is heavily wounded.
The jackal barely misses you. x2; The jackal bites you.
* * * LOW HITPOINT WARNING * * *
The jackal misses you.
You barely miss the jackal.
The jackal is heavily wounded.
The jackal barely misses you. The jackal closely misses you.
You hit the jackal but do no damage.
The jackal is heavily wounded.
The jackal barely misses you.
The jackal bites you but does no damage.
The jackal bites you but does no damage. x2
The jackal bites you.
You die...

#.# #.# #.# #.# ###
#.# #.# ..### #.# #.#
#.#<# #.# #.# #.#.#
#.# #.# #
#.#.####.###.#####.###
.............>hh@....#
#.####.#...#..########
.......#.###..#
#.............#
########.####.##
..........#
###.####..# #.####..#
#.......#


You could see 2 jackals.

Vanquished Creatures
  A giant cockroach (D:1)
  A hobgoblin (D:1)
  2 jackals (D:2)
  A rat (D:1)
5 creatures vanquished.

Notes
Turn   | Place    | Note
-------+----------+-------------------------------------------
     0 | D:1      | GigaChad the Deep Elf Conjurer began the quest for the Orb.
     0 | D:1      | Reached XP level 1. HP: 10/10 MP: 6/6
   408 | D:2      | Slain by a jackal

Illustrated notes

Levels and vault maps discovered:
D:1:      matt_arrival_spirals, layout_loops_ring,
          chequers_ecumenical_altar_island, chequers_serial_rivers_room_b,
          minmay_misc_feat_nine_boxes
D:2:      layout_basic, chequers_serial_rivers_small_3

Action                   || total
-------------------------++-------
Melee: Unarmed           ||     5
 Cast: Magic Dart        ||    12
Armor: Robe              ||     4
Dodge: Dodged            ||    16
